 Dungeon Crawl Stone Soup version 0.17-a0-2027-gcac42c4 (webtiles) character file.

167 graki42 the Insei (level 5, -5/45 HPs)
             Began as a Naga Transmuter on Oct 10, 2015.
             Slain by a river rat (8 damage)
             ... in a sewer.
             The game lasted 00:10:20 (3912 turns).

graki42 the Insei (Naga Transmuter)                 Turns: 3912, Time: 00:10:20

Health: -5/45      AC:  2    Str: 12    XL:     5   Next: 48%
Magic:  1/9        EV: 15    Int: 14    God:
Gold:   242        SH:  0    Dex: 17    Spells: 2 memorised, 6 levels left

rFire  . . .     SeeInvis +       - Unarmed
rCold  . . .     Clarity  .     b - +0 robe
rNeg   . . .     SustAt   .     (no shield)
rPois  +         Gourm    .     (no helmet)
rElec  .         Spirit   .     (no cloak)
rCorr  .         Warding  .     (no gloves)
rMut   .         Stasis   .     (no barding)
MR     .....                    (no amulet)
Stlth  +++.......               (no ring)
                                (no ring)

@: agile, appendage (expiring), very slightly contaminated, very slow, not
resistant to hostile enchantments, fairly stealthy
A: horns 2, see invisible, deformed body, poison resistance, slowness 2, slow
metabolism 1, spit poison 2, AC +1
a: Spit Poison, End Transformation


You were in a sewer.
You were not hungry.
You had grown temporary horns.
You visited 1 branch of the dungeon, and saw 4 of its levels.
You also visited: Sewer.

You collected 242 gold pieces.

Inventory:

Missiles
 a - 12 arrows
Armour
 b - a +0 robe (worn)
Jewellery
 k - an uncursed amulet of resist mutation {unknown}
Scrolls
 f - 2 scrolls of remove curse {unknown}
 h - 3 scrolls of identify {unknown}
 j - 3 scrolls of teleportation {unknown}
Potions
 e - 2 potions of brilliance
 m - a potion of lignification {unknown}
Books
 c - a book of Changes

   Spells                             Type                      Level
   a - Beastly Appendage              Transmutation                1
   b - Sticks to Snakes               Transmutation                2
   c - Spider Form                    Transmutation/Poison         3
   d - Ice Form                       Ice/Transmutation            4
   e - Blade Hands                    Transmutation                5
Comestibles
 d - 2 bread rations
 g - 2 chunks of flesh


   Skills:
 + Level 1.8 Fighting
 + Level 2.0 Dodging
 + Level 0.9 Stealth
 + Level 3.6 Unarmed Combat
 + Level 3.0 Spellcasting
 * Level 3.5 Transmutations


You had 6 spell levels left.
You knew the following spells:

 Your Spells              Type           Power        Failure   Level  Hunger
a - Beastly Appendage     Trmt           ##....       6%          1    #......
b - Spider Form           Trmt/Pois      #.........   30%         3    ###....


Dungeon Overview and Level Annotations

Branches:
Dungeon (4/15)
 Temple: D:4-7

Altars:
Nemelex Xobeh


Innate Abilities, Weirdness & Mutations

You cannot wear boots.
Your serpentine skin is tough (AC +1).
You have supernaturally acute eyesight.
Armour fits poorly on your strangely shaped body.
Your system is resistant to poisons.
You cover ground very slowly.
You have a slow metabolism.
You can spit poison.
You have a pair of horns on your head.


Message History

The river rat barely misses you. The river rat completely misses you.
You hit the river rat but do no damage. You headbutt the river rat.
The river rat is severely wounded.
The river rat bites you. The river rat completely misses you.
You closely miss the river rat.
The river rat is severely wounded.
The river rat bites you!
* * * LOW HITPOINT WARNING * * *
The river rat twitches its whiskers.
The river rat completely misses you.
You closely miss the river rat.
The river rat is severely wounded.
The river rat bites you.
* * * LOW HITPOINT WARNING * * *
The river rat misses you.
Drink which item? (? for menu, Esc to quit)
It was a potion of agility.
You feel agile all of a sudden. The river rat barely misses you.
The river rat bites you!
You die... ############### #....rr@rr....≈ ###############

You could see 3 river rats and a rat.

Vanquished Creatures
  An orc priest (D:3)
  An orc wizard (D:3)
  3 adders
  A gnoll (D:4)
  An ooze (D:3)
  2 worms
  An orc (D:3)
  4 bats
  9 giant cockroaches
  7 hobgoblins
  4 jackals (D:1)
  3 quokkas
  2 ball pythons
  5 giant geckos
  3 giant newts
  2 goblins
  5 kobolds
  7 rats
61 creatures vanquished.

Vanquished Creatures (others)
  An orc (D:3)
1 creature vanquished.

Grand Total: 62 creatures vanquished

Notes
Turn   | Place    | Note
--------------------------------------------------------------
     0 | D:1      | graki42 the Naga Transmuter began the quest for the Orb.
     0 | D:1      | Reached XP level 1. HP: 18/18 MP: 3/3
   308 | D:1      | Reached XP level 2. HP: 11/25 MP: 1/5
  1382 | D:2      | Reached XP level 3. HP: 27/31 MP: 4/6
  1387 | D:2      | Learned a level 3 spell: Spider Form
  1566 | D:2      | Found a sparkling altar of Nemelex Xobeh.
  2100 | D:3      | Reached XP level 4. HP: 20/39 MP: 5/8
  2746 | D:3      | Reached XP level 5. HP: 23/45 MP: 7/9
  3025 | D:3      | Noticed a black bear
  3035 | D:3      | HP: 2/45 [black bear (3)]
  3856 | D:4      | Found a glowing drain.
  3896 | Sewer    | Entered a sewer
  3912 | Sewer    | Slain by a river rat

Vault maps used:
D:1:      dpeg_arrival_pits, serial_forest, infiniplex_forest_zigzag_2,
          infiniplex_forest_zigzag_1, infiniplex_forest_clump_long,
          infiniplex_forest_lined_3_way, infiniplex_forest_clump_small,
          infiniplex_forest_straight_2, infiniplex_forest_lined_corner,
          infiniplex_forest_diagonal, infiniplex_forest_lined_corner,
          infiniplex_forest_lined_3
D:2:      lemuel_round_altar
D:3:      st_stairs_4
D:4:      nicolae_gozag_seed_capital, nicolae_ru_sacrificial_ziggurat,
          portal_sewer_entry_f, minmay_bad_closet
Sewer:    sewer_kobolds

Action                   |  1- 3 |  4- 6 || total
-------------------------+-------+-------++-------
Melee: Unarmed           |   137 |   122 ||   259
 Cast: Beastly Appendage |    34 |    31 ||    65
       Spider Form       |       |     1 ||     1
  Use: Potion            |       |     4 ||     4
 Stab: Sleeping          |     4 |     1 ||     5
  Eat: Chunk             |     1 |     3 ||     4
       Meat ration       |     1 |       ||     1
